 Dungeon Crawl Stone Soup version 0.26-a0-52-gd53d4cd058 (webtiles) character file.

Game seed: 16961363959266140162

1171 mortelune the Spear-Bearer (level 8, -1/65 HPs)
             Began as a Merfolk Skald on June 6, 2020.
             Was an Initiate of Makhleb.
             Slain by an orc warrior
             ... wielding a +0 war axe
              (13 damage)
             ... on level 6 of the Dungeon.
             The game lasted 00:12:05 (8329 turns).

mortelune the Spear-Bearer (Merfolk Skald)          Turns: 8329, Time: 00:12:06

Health: -1/65      AC:  8    Str: 13    XL:     8   Next: 41%
Magic:  8/11       EV: 14    Int: 14    God:    Makhleb [......]
Gold:   300        SH:  0    Dex: 14    Spells: 6/11 levels left

rFire    + . .     SeeInvis .   e - +1 trident (venom)
rCold    x . .     Gourm    .   (no shield)
rNeg     . . .     Faith    .   p - +0 ring mail
rPois    .         Spirit   .   n - +0 helmet
rElec    .         Reflect  .   (no cloak)
rCorr    .         Harm     .   c - +1 pair of gloves
MR       +....                  (no boots)
Stlth    ++........             (no amulet)
HPRegen  0.20/turn              h - ring of stealth
MPRegen  0.12/turn              z - ring of fire

@: infused
A: change form in water, swift swim, stealthy swim, clever 1, magic resistance 1
a: Renounce Religion


You were on level 6 of the Dungeon.
You worshipped Makhleb.
Makhleb was noncommittal.
You were not hungry.

You visited 2 branches of the dungeon, and saw 7 of its levels.

You collected 300 gold pieces.

Inventory:

Hand Weapons
 a - a +0 spear
 e - a +1 trident of venom (weapon)
 l - a +0 halberd
 r - a +0 war axe
Armour
 b - a +0 leather armour
 c - a +1 pair of gloves (worn)
 n - a +0 helmet (worn)
 p - a +0 ring mail (worn)
 v - a +0 helmet
Jewellery
 h - a ring of stealth (left hand)
 z - a ring of fire (right hand)
Wands
 d - a wand of disintegration (5)
 j - a wand of iceblast (24)
 x - a wand of acid (5)
Scrolls
 g - 4 scrolls of remove curse
 i - a scroll of identify
 t - a scroll of immolation
 y - a scroll of random uselessness
Potions
 m - a potion of stabbing {unknown}
 o - a potion of haste
 q - a potion of might {unknown}
 s - a potion of ambrosia
 u - 2 potions of curing
 w - 2 potions of heal wounds
Comestibles
 k - 10 rations
 A - a chunk of flesh


   Skills:
 + Level 6.5 Fighting
 + Level 8.6 Polearms
 - Level 0.6 Armour
 + Level 7.7 Dodging
 - Level 2.0 Spellcasting
 - Level 3.2 Charms


You had 6 spell levels left.
You knew the following spells:

 Your Spells              Type           Power        Failure   Level  Hunger
a - Infusion              Chrm           ##..         13%         1    ##.....
b - Song of Slaying       Chrm           ##......     21%         2    ###....
c - Shroud of Golubria    Chrm/Tloc      #.....       36%         2    ###....

Your spell library contained the following spells:

 Spells                   Type           Power        Failure   Level  Hunger
 Ozocubu's Armour         Chrm/Ice       #.......     61%         3    ####...
 Spectral Weapon          Hex/Chrm       #.......     61%         3    ####...


Dungeon Overview and Level Annotations

Branches:
Dungeon (6/15)             Temple (1/1) D:6

Altars:
Ashenzari
Cheibriados
Fedhas
Kikubaaqudgha
Makhleb
Qazlal
Ru
Sif Muna
Trog
Uskayaw
Yredelemnul
Zin
The Shining One

Shops:
D:4 }

Annotations:
D:6 1 runed translucent door, Crazy Yiuf


Innate Abilities, Weirdness & Mutations

You revert to your normal form in water.
You are very nimble and swift while swimming.
You are very stealthy in the water. (Stealth+)
Your mind is acute. (Int +2)
You are resistant to hostile enchantments. (MR+)


Message History

The orc warrior hits you with a +0 war axe!
The orc wizard gestures wildly while chanting.
The orc wizard flickers and vanishes!
Deactivating autopickup; reactivate with Ctrl-A.
You barely miss the orc warrior.
The orc warrior is lightly wounded.
You hit the orc warrior but do no damage.
The orc warrior is poisoned.
The orc warrior is lightly wounded.
The orc warrior drinks a potion.
The orc warrior is healed!
The orc warrior looks more healthy.
You hit the orc warrior but do no damage.
The orc warrior barely misses you.
The orc priest calls down the wrath of Beogh upon you.
Beogh smites you!
* * * LOW HITPOINT WARNING * * *
As you read the scroll of fog, it crumbles to dust.
The scroll dissolves into smoke.
The orc warrior hits you with a +0 war axe!
You die...

..............# #......#........
..............# #......##.###.##
..............# #########..##.##
..............# ##.##.##
..........)...# #.##.##
..............### #..#...
........o....§oo# ##.#..#
.........†....#o# #.#..#
..............#@# #....#
..............#§###### ##)..#
............$.#§§....# #...#
..............#......#######...#
..........................##...#
..$.......................##.>..
#######.##...............#... #
#...............#...
####...#........#...


You could see an orc warrior, an orc priest and an orc wizard.

Vanquished Creatures
  Edmund (D:4)
  A phantom (D:5)
  Blork the orc (D:4)
  A gnoll sergeant (D:4)
  A scorpion (D:6)
  A crimson imp (D:5)
  A jelly (D:1)
  5 orc wizards
  An orc priest (D:4)
  A hound (D:6)
  Jessica (D:3)
  2 iguanas
  Ijyb (D:3)
  Terence (D:2)
  6 worker ants
  Robin (D:4)
  A worker ant zombie (D:4)
  8 gnolls
  5 adders
  An ooze (D:5)
  A worm (D:3)
  A dart slug (D:1)
  4 leopard geckos
  11 orcs
  6 giant cockroaches
  14 goblins
  10 hobgoblins
  2 jackals (D:3)
  3 quokkas
  3 ball pythons
  14 bats
  4 frilled lizards
  3 kobolds
  A leopard gecko skeleton (D:5)
  7 rats
125 creatures vanquished.

Notes
Turn   | Place    | Note
-------+----------+-------------------------------------------
     0 | D:1      | mortelune the Merfolk Skald began the quest for the Orb.
     0 | D:1      | Reached XP level 1. HP: 16/16 MP: 3/3
   156 | D:1      | Reached XP level 2. HP: 23/23 MP: 5/5
   183 | D:1      | Learned a level 2 spell: Song of Slaying
   834 | D:1      | Reached XP level 3. HP: 28/28 MP: 4/6
  1694 | D:2      | Found a sacrificial altar of Ru.
  1849 | D:2      | Reached skill level 4 in Polearms
  1993 | D:1      | Reached XP level 4. HP: 10/35 MP: 7/7
  2004 | D:1      | HP: 1/35 [quokka (1)]
  2451 | D:2      | Learned a level 2 spell: Shroud of Golubria
  2568 | D:2      | Reached XP level 5. HP: 14/41 MP: 4/8
  2942 | D:2      | Reached skill level 5 in Polearms
  3187 | D:2      | Found a shimmering blue altar of Sif Muna.
  3440 | D:3      | Noticed Jessica
  3444 | D:3      | Killed Jessica
  3607 | D:3      | Noticed Terence
  3608 | D:3      | Noticed Ijyb
  3976 | D:3      | Found an ancient bone altar of Kikubaaqudgha.
  4518 | D:2      | Gained mutation: Your mind is acute. (Int +2) [potion of
                  | mutation]
  4518 | D:2      | Gained mutation: You are resistant to hostile enchantments.
                  | (MR+) [potion of mutation]
  4529 | D:2      | Killed Terence
  4529 | D:2      | Reached skill level 5 in Dodging
  4529 | D:2      | Reached XP level 6. HP: 14/48 MP: 2/9
  4548 | D:2      | HP: 3/72 [poisoned by Terence]
  4555 | D:2      | HP: 3/72 [poisoned by Terence]
  4563 | D:2      | HP: 3/72 [poisoned by Terence]
  5001 | D:3      | Killed Ijyb
  5438 | D:4      | Found Vitumih's Gadget Boutique.
  5670 | D:4      | Noticed Robin
  5688 | D:4      | Killed Robin
  5688 | D:4      | Reached skill level 6 in Polearms
  5819 | D:4      | Noticed Edmund
  5838 | D:4      | Killed Edmund
  5934 | D:4      | Reached XP level 7. HP: 55/55 MP: 10/10
  5983 | D:4      | Reached skill level 5 in Fighting
  6150 | D:4      | Reached skill level 7 in Polearms
  6680 | D:4      | Noticed Blork the orc
  6691 | D:4      | Killed Blork the orc
  6948 | D:5      | Entered Level 5 of the Dungeon
  6972 | D:5      | Reached XP level 8. HP: 64/64 MP: 11/11
  7093 | D:5      | Reached skill level 8 in Polearms
  7807 | D:5      | Found a blossoming altar of Fedhas.
  7906 | D:6      | Found a staircase to the Ecumenical Temple.
  7940 | Temple   | Entered the Ecumenical Temple
  8038 | Temple   | Became a worshipper of Makhleb the Destroyer
  8222 | D:6      | Found a runed translucent door.
  8223 | D:6      | Noticed Crazy Yiuf
  8329 | D:6      | Slain by an orc warrior

Illustrated notes

Levels and vault maps discovered:
D:1:      nicolae_arrival_memento_mori, layout_basic
D:2:      layout_rooms, overflow_temple_1_default, led_sif_pool, first_ration,
          kennysheep_generic_room_16
D:3:      layout_loops_ring, kiku_gazebo_pond_becter, kennysheep_another_room,
          kennysheep_big_empty_room, uniq_jessica, uniq_terence, uniq_ijyb
D:4:      layout_loops_corners, serial_shops, shop_statue, uniq_blork_the_orc,
          uniq_robin, uniq_edmund
D:5:      layout_loops_ring, st_stairs_4, fedhas_altar_fruit_tree
D:6:      layout_basic, minitemple, minmay_temple_entry_tees,
          uniq_crazy_yiuf_cottage, uniq_sigmund
Temple:   dpeg_three_leaves_temple

Skill      XL: |  1  2  3  4  5  6  7  8 |
---------------+-------------------------+-----
Dodging        | 3 4 5 7 |  7.7
Polearms       | 4 5 6 7 8 |  8.6
Fighting       | 3 4 5 6 |  6.5
Armour         | |  0.6
Spellcasting   | |  2.0
Charms         | |  3.2

Action                   |  1- 3 |  4- 6 |  7- 9 || total
-------------------------+-------+-------+-------++-------
Melee: Spear             |   112 |   177 |       ||   289
       Halberd           |     8 |     7 |       ||    15
       Trident           |       |    71 |   155 ||   226
 Cast: Infusion          |     3 |     6 |     5 ||    14
       Song of Slaying   |       |     2 |     1 ||     3
       Shroud of Golubri |       |     2 |     4 ||     6
  Use: Potion            |       |     8 |       ||     8
       Scroll            |       |     3 |     5 ||     8
 Stab: Sleeping          |     1 |     3 |     4 ||     8
       Distracted        |       |       |     2 ||     2
  Eat: Chunk             |     3 |    10 |     5 ||    18
       Ration            |       |     1 |     1 ||     2
Armor: Leather armour    |    43 |       |       ||    43
       Ring mail         |     3 |    68 |    31 ||   102
       Skin              |       |     6 |       ||     6
Dodge: Dodged            |   101 |   115 |    68 ||   284

Table legend:
 A = Non-vault XP
 B = Vault XP
 C = Vault XP percentage of total XP
 D = Non-vault monster count
 E = Vault monster count
 F = Vault count percentage of total count
                 A         B        C        D         E       F
            +---------+---------+-------+---------+---------+-------
      Total |    1256 |     418 |  25.0 |     108 |      17 |  13.6
            +---------+---------+-------+---------+---------+-------
        D:1 |      97 |       0 |   0.0 |      27 |       0 |   0.0
        D:2 |     111 |      50 |  31.1 |      24 |       3 |  11.1
        D:3 |      43 |      73 |  62.9 |      16 |       2 |  11.1
        D:4 |     529 |     295 |  35.8 |      23 |      12 |  34.3
        D:5 |     326 |       0 |   0.0 |      15 |       0 |   0.0
        D:6 |     150 |       0 |   0.0 |       3 |       0 |   0.0
            +---------+---------+-------+---------+---------+-------
